AoeStats
← rfx

Black Forest

510388915Analyzed
2v2 RM · 18h ago on Sep 30, 2026· 22m 26s· 4 players
Game mode
Random Map
Map size
Medium (4 player)
Population
200
Speed
Normal
Resources
Standard
Victory
Conquest
Starting age
Dark Age
Ending age
Imperial Age
RankedLock teamsTeams togetherTeam positionsShared explorationLock speedFull tech treeHidden civsTurbo modeCheats
Victory
Defeat
🇦🇷 Inca · Argentina
760
+27
🇦🇷 Turks · Argentina
714
+21
🇷🇴 Bulgarians · Romania
693
-14
🇷🇴 Byzantines · Romania
675
-13
Serget Alupigus
14:01 Feudal Age
14:30 Double-Bit Axe
14:53 Horse Collar
19:16 Wheelbarrow
19:19 Gold Mining
21:26 Stone Mining
rfx
5:38 Loom
10:19 Feudal Age
10:53 Double-Bit Axe
11:50 Horse Collar
18:01 Wheelbarrow
17:42 Gold Mining
18:32 Town Watch
21:09 Castle Age
21:09 Stone Mining
21:36 Fletching
21:46 Padded Archer Armor
21:57 Forging
21:47 Scale Mail Armor
21:52 Scale Barding Armor
TheBrewer3557
1:24 Loom
17:38 Feudal Age
19:38 Arson
19:14 Man-at-Arms
RFM06
0:34 Loom
13:15 Feudal Age
15:13 Wheelbarrow
14:47 Double-Bit Axe
19:06 Castle Age
22:12 Forging
Connection lost

Rejoining the realm…

Still unreachable

The connection could not be restored.

Session expired

The server has moved on; the page needs a fresh start.